AoeStats
← Tomachela

Arabia

509754190Analyzed
3v3 RM · 5d ago on Sep 27, 2026· 39m 23s· 6 players
Game mode
Random Map
Map size
Normal (6 player)
Population
200
Speed
Normal
Resources
Standard
Victory
Conquest
Starting age
Dark Age
Ending age
Imperial Age
RankedLock teamsTeams togetherTeam positionsShared explorationLock speedFull tech treeHidden civsTurbo modeCheats
Victory
Defeat
🇨🇱 Franks · Chile
1055
+13
🇨🇱 Japanese · Chile
997
+16
🇨🇱 Franks · Chile
948
+18
🇧🇷 Persians · Brazil
1033
-17
🇷🇺 Spanish · Russia
989
-16
🇦🇷 Celts · Argentina
960
-14
Ideafix
5:12 Loom
10:23 Feudal Age
11:22 Double-Bit Axe
21:53 Castle Age
19:54 Gold Mining
20:12 Scale Barding Armor
20:18 Forging
23:20 Husbandry
24:16 Gold Shaft Mining
26:52 Iron Casting
28:04 Stone Mining
29:16 Chain Barding Armor
38:38 Bow Saw
41:57 Imperial Age
Tomachela
2:42 Loom
6:09 Loom
10:35 Feudal Age
11:18 Double-Bit Axe
18:21 Wheelbarrow
22:07 Castle Age
20:19 Scale Barding Armor
20:25 Forging
20:25 Gold Mining
22:26 Forging
22:58 Husbandry
24:59 Bow Saw
31:15 Chain Barding Armor
32:17 Elite Skirmisher
33:28 Padded Archer Armor
34:03 Iron Casting
34:29 Wheelbarrow
35:33 Ballistics
Pollo
8:47 Loom
10:35 Feudal Age
12:28 Horse Collar
13:37 Man-at-Arms
17:08 Scale Mail Armor
23:39 Castle Age
22:24 Padded Archer Armor
23:20 Fletching
25:57 Squires
26:07 Gold Mining
26:04 Double-Bit Axe
26:22 Heavy Plow
26:11 Long Swordsman
27:24 Pikeman
27:50 Gambesons
28:51 Stone Mining
29:26 Arson
32:02 Thumb Ring
35:32 Wheelbarrow
38:04 Imperial Age
37:17 Leather Archer Armor
37:15 Forging
38:33 Hand Cart
38:04 Town Watch
39:10 Heavy Cavalry Archer
40:20 Parthian Tactics
shamannking1993
6:16 Loom
14:35 Feudal Age
15:51 Wheelbarrow
15:46 Horse Collar
15:53 Double-Bit Axe
22:05 Castle Age
22:04 Fletching
22:14 Padded Archer Armor
24:07 Hand Cart
24:05 Bow Saw
23:22 Pikeman
24:10 Thumb Ring
24:08 Bodkin Arrow
27:58 Murder Holes
28:28 Elite Skirmisher
29:27 Leather Archer Armor
29:19 Heavy Plow
30:42 Ballistics
35:44 Imperial Age
34:36 Squires
34:22 Arson
36:35 Halberdier
38:44 Forging
ERJ1919
0:39 Loom
9:42 Feudal Age
19:07 Castle Age
18:52 Double-Bit Axe
23:02 Squires
Erickinio
7:46 Loom
11:39 Feudal Age
12:21 Double-Bit Axe
13:13 Man-at-Arms
28:16 Castle Age
28:06 Wheelbarrow
28:33 Gold Mining
28:33 Stone Mining
28:55 Forging
29:02 Long Swordsman
29:28 Gambesons
34:20 Fletching
35:07 Bow Saw
37:16 Scale Mail Armor
37:41 Elite Skirmisher
38:57 Masonry
39:05 Hand Cart
38:39 Gambesons
40:04 Gold Shaft Mining
40:04 Stone Shaft Mining
39:17 Pikeman
Connection lost

Rejoining the realm…

Still unreachable

The connection could not be restored.

Session expired

The server has moved on; the page needs a fresh start.